 Dungeon Crawl Stone Soup version 0.15.2 (webtiles) character file.

98 HopeRidesAlone the Insei (level 4, 0/35 HPs)
             Began as a Mummy Monk on Oct 24, 2015.
             Slain by an adder (1 damage)
             ... on Level 2 of the Dungeon.
             The game lasted 00:05:37 (3913 turns).

HopeRidesAlone the Insei (Mummy Monk)               Turns: 3913, Time: 00:05:37

HP   0/35        AC  0     Str 14      XL: 4   Next: 43%
MP   4/4         EV 13     Int  9      God:
Gold 51          SH  0     Dex 15      Spells:  0 memorised,  3 levels left

rFire  . . .     SeeInvis .       - Unarmed
rCold  + . .     Clarity  .     (no armour)
rNeg   + + +     rCorr    .     (no shield)
rPois  +         rRot     +     (no helmet)
rElec  .         Spirit   .     (no cloak)
SustAb .         Warding  .     (no gloves)
rMut   .         Stasis   .     (no boots)
Gourm  .                        (no amulet)
MR     .....                    d - ring of protection from fire
                                (no ring)

@: not resistant to hostile enchantments, unstealthy
A: no food or potions, fire vulnerability, restore body, cold resistance 1,
negative energy resistance 3, poison resistance, torment resistance, unbreathing
a: no special abilities


You were on level 2 of the Dungeon.
You were not hungry.

You visited 1 branch of the dungeon, and saw 2 of its levels.

You collected 51 gold pieces.


Innate Abilities, Weirdness & Mutations

You do not eat or drink.
Your flesh is vulnerable to fire.
Your flesh is cold resistant.
You are immune to negative energy.
Your system is resistant to poisons.
You are immune to unholy pain and torment.
You can survive without breathing.


   Skills:
 - Level 3.0 Fighting
 - Level 2.4 Dodging
 - Level 1.5 Stealth
 + Level 4.9 Unarmed Combat


You had 3 spell levels left.
You didn't know any spells.

Inventory:

Scrolls
 a - a scroll of fear {unknown}
 b - 3 scrolls of remove curse {unknown}
 c - 3 scrolls of identify {unknown}
 e - a scroll of amnesia {unknown}
 f - a scroll of immolation {unknown}
Jewellery
 d - a ring of protection from fire (right hand)

Dungeon Overview and Level Annotations

Branches:
Dungeon (2/15)

Altars:
Makhleb
Nemelex Xobeh
Okawaru

.....(...............#......##.#
#######.#####.##.###........##.#
.....................##.....##.#
.######.##.##.##.######.....#..#
.############################.##
.....)# # #_#⌠#....### #.#
.#..### #.#.#.#.8......#####.###
.##.#.# ...........!###.....#....
.##...# .......SM..########......
..(...# .#.#.#.#.8#...## ####....
###...# # #_#.....###.......
###.###############.......%##....
#....##............####..#.......
#....######.#.##.....##..........
#...............................#
........................##....###
.......##.###.##.....%.###...##


You could see an adder.


Message History

The adder barely misses you.
You hit the adder but do no damage.
The adder is moderately wounded.
The adder bites you.
* * * LOW HITPOINT WARNING * * *
The adder barely misses you.
You miss the adder.
The adder is moderately wounded.
The adder bites you.
* * * LOW HITPOINT WARNING * * *
You miss the adder.
The adder is moderately wounded.
The adder bites you.
* * * LOW HITPOINT WARNING * * *
You hit the adder but do no damage.
The adder is moderately wounded.
The adder bites you.
* * * LOW HITPOINT WARNING * * *
You barely miss the adder.
The adder is moderately wounded.
The adder bites you.
* * * LOW HITPOINT WARNING * * *
You barely miss the adder.
The adder is moderately wounded.
The adder completely misses you. The adder bites you.
* * * LOW HITPOINT WARNING * * *
You hit the adder but do no damage.
The adder is moderately wounded.
The adder bites you.
You die...

Action                   |  1- 3 |  4- 6 || total
-------------------------+-------+-------++-------
Melee: Unarmed           |   175 |    61 ||   236
 Stab: Sleeping          |     1 |       ||     1

Vault maps used:
D:1:      tarquinn_simple_flora_water_e, minmay_misc_feat_nine_boxes,
          minmay_misc_feat_x, minmay_hedge_maze
D:2:      nemelex_xobeh_ov_fountains_minmay, minitemple, first_bread,
          okawaru_metal_pillars_1_2

Notes
Turn   | Place    | Note
--------------------------------------------------------------
     0 | D:1      | HopeRidesAlone, the Mummy Monk, began the quest for the Orb.
     0 | D:1      | Reached XP level 1. HP: 18/18 MP: 1/1
   512 | D:1      | Reached XP level 2. HP: 21/24 MP: 2/2
  1107 | D:1      | Reached skill level 4 in Unarmed Combat
  1725 | D:2      | Found an iron altar of Okawaru.
  1794 | D:2      | Reached XP level 3. HP: 26/29 MP: 3/3
  2304 | D:2      | Found an iron altar of Okawaru.
  2926 | D:1      | HP: 2/29 [gnoll/spear (9)]
  2927 | D:1      | Reached XP level 4. HP: 2/35 MP: 4/4
  3514 | D:2      | Found a sparkling altar of Nemelex Xobeh.
  3891 | D:2      | Found a burning altar of Makhleb.
  3912 | D:2      | HP: 1/35 [adder (5)]
  3913 | D:2      | Slain by an adder

Vanquished Creatures
  3 gnolls
  2 adders (D:2)
  A worm (D:2)
  A giant gecko (D:2)
  7 bats
  2 giant cockroaches (D:1)
  8 goblins
  4 hobgoblins
  A jackal (D:1)
  7 kobolds
  A ball python (D:2)
  5 giant newts
  7 rats
49 creatures vanquished.
